 Dungeon Crawl Stone Soup version 0.17-a0-1942-g46ae386 (webtiles) character file.

2181 AvaKnavely the Slicer (level 9, -5/51 HPs)
             Began as a Kobold Abyssal Knight on Sept 30, 2015.
             Was a Priest of Lugonu.
             Slain by an orc warrior
             ... wielding a +0 scimitar
              (19 damage)
             ... on level 8 of the Dungeon.
             The game lasted 00:27:05 (8110 turns).

AvaKnavely the Slicer (Kobold Abyssal Knight)       Turns: 8110, Time: 00:27:06

Health: -5/51      AC:  7    Str: 11    XL:     9   Next: 58%
Magic:  12/12      EV: 15    Int: 10    God:    Lugonu [***...]
Gold:   355        SH:  0    Dex: 18    Spells: 0 memorised, 8 levels left

rFire  . . .     SeeInvis .     f - +2 dagger (speed)
rCold  . . .     Clarity  .     k - +3 leather armour
rNeg   . . .     SustAt   .     (shield restricted)
rPois  .         Gourm    .     (no helmet)
rElec  .         Spirit   .     (no cloak)
rCorr  .         Warding  .     o - +0 pair of gloves
rMut   .         Stasis   .     (no boots)
MR     +....                    (no amulet)
Stlth  +++++.....               (no ring)
                                g - ring of protection from magic

@: about to teleport, somewhat resistant to hostile enchantments, quite stealthy
A: carnivore 3
a: Depart the Abyss, Bend Space, Banish, Renounce Religion


You were on level 8 of the Dungeon.
You worshipped Lugonu.
Lugonu was most pleased with you.
You were very full.

You visited 1 branch of the dungeon, and saw 8 of its levels.
You visited the Abyss 1 time.

You collected 355 gold pieces.

Inventory:

Hand weapons
 a - a +1 short sword
 f - a +2 dagger of speed (weapon)
 q - a +2 dagger of freezing
Armour
 b - a +0 leather armour
 k - a +3 leather armour (worn)
 o - a +0 pair of gloves (worn)
Jewellery
 g - a ring of protection from magic (left hand)
 t - an uncursed amulet of guardian spirit {unknown}
 x - a +3 ring of intelligence {unknown}
 A - an uncursed amulet of stasis {unknown}
Magical devices
 h - a wand of polymorph (0)
Scrolls
 e - a scroll of amnesia {unknown}
 l - 2 scrolls of blinking
 n - 2 scrolls of magic mapping
 r - 2 scrolls of enchant armour
 s - a scroll of immolation
 v - 2 scrolls of random uselessness
 w - a scroll of teleportation
 y - a scroll of fear {unknown}
Potions
 i - a potion of resistance
 j - a potion of poison
 m - a potion of heal wounds {unknown}
 p - a potion of might {unknown}
 u - a potion of flight {unknown}
Comestibles
 c - 4 meat rations
 d - 4 beef jerkies
 z - a royal jelly


   Skills:
 - Level 3.4 Fighting
 + Level 11.4 Short Blades
 - Level 0.7 Armour
 - Level 2.4 Dodging
 - Level 10.3 Stealth
 + Level 4.6 Invocations


You had 8 spell levels left.
You didn't know any spells.

Dungeon Overview and Level Annotations

Branches:
Dungeon (8/15)             Temple (0/1) D:4
   Lair: D:8-11

Altars:
Kikubaaqudgha
Makhleb
Xom

Annotations:
D:3 Guenter's ghost, average DsGl
D:4 Eustachio


Innate Abilities, Weirdness & Mutations

You are small and have problems with some larger weapons.
You are carnivorous and can eat meat at any time.


Message History

You hit the orc warrior.
The orc warrior is heavily wounded.
You hit the orc warrior but do no damage.
The orc warrior is heavily wounded.
You closely miss the orc warrior.
The orc warrior is heavily wounded.
The orc warrior hits you with a scimitar!
* * * LOW HITPOINT WARNING * * *
You hit the orc warrior.
The orc warrior is heavily wounded.
Use which ability?
Press: ? - help, Shift-Dir - straight line, f - orc warrior
Aim: an orc warrior, wielding a scimitar and wearing a chain mail (heavily wounded, chance to defeat MR: 73%)
You fail to use your ability.
The orc warrior completely misses you.
You hit the orc warrior but do no damage.
The orc warrior is heavily wounded.
As you read the scroll of teleportation, it crumbles to dust.
You feel strangely unstable.
The orc warrior hits you with a scimitar!!
You die...

# ## ##. #.
#..# .#
#...####.#
#...@o..##
#.####..#.##
#.....#
##..#.## ##
#.<...####..
#..........#
#........##
##......##
##.......#


You could see an orc warrior.

Vanquished Creatures
  Pikel (D:4)
  A sky beast (D:7)
  2 black bears
  A slave (D:4)
  An ogre (D:6)
  A centaur (D:6)
  An ice beast (D:7)
  A phantom (D:6)
  A giant frog (D:6)
  2 scorpions (D:6)
  3 crimson imps
  4 orc priests
  A centaur zombie (D:5)
  A jelly (D:7)
  4 orc wizards
  A giant frog skeleton (D:4)
  A centaur skeleton (D:4)
  2 iguanas
  7 worker ants
  A hound zombie (D:6)
  16 adders
  2 shadow imps (D:6)
  An adder skeleton (D:4)
  2 worms (D:2)
  4 giant geckos
  16 orcs
  2 giant cockroaches (D:4)
  4 goblins
  13 hobgoblins
  10 bats
  4 giant newts
  5 jackals
  A jackal zombie (D:7)
  5 kobolds (D:1)
  A quokka skeleton (D:6)
  6 rats
129 creatures vanquished.

Vanquished Creatures (others)
  An orc wizard (D:4)
  An orc (D:4)
2 creatures vanquished.

Grand Total: 131 creatures vanquished

Notes
Turn   | Place    | Note
--------------------------------------------------------------
     0 | Abyss:1  | AvaKnavely the Kobold Abyssal Knight began the quest for the Orb.
     0 | Abyss:1  | Reached XP level 1. HP: 14/14 MP: 2/2
    10 | Abyss:1  | Found a corrupted altar of Lugonu.
    75 | Abyss:1  | Noticed a great orb of eyes
    75 | Abyss:1  | Noticed an ettin skeleton
    77 | D:1      | Escaped the Abyss
   277 | D:1      | Reached XP level 2. HP: 14/19 MP: 3/3
   330 | D:1      | Acquired Lugonu's first power
   641 | D:1      | Reached skill level 1 in Stealth
   906 | D:1      | Reached XP level 3. HP: 23/23 MP: 4/4
  1164 | D:2      | Reached skill level 4 in Short Blades
  1596 | D:2      | Reached XP level 4. HP: 9/28 MP: 5/5
  1991 | D:2      | Acquired Lugonu's second power
  2574 | D:3      | Reached skill level 5 in Short Blades
  2700 | D:3      | Reached XP level 5. HP: 27/32 MP: 6/6
  3258 | D:3      | Found a burning altar of Makhleb.
  3293 | D:3      | Reached skill level 6 in Short Blades
  3355 | D:3      | Noticed Guenter's ghost (average DsGl)
  3419 | D:4      | Reached XP level 6. HP: 37/37 MP: 7/7
  3452 | D:4      | Noticed a slave
  3453 | D:4      | Noticed Pikel
  3453 | D:4      | Noticed a slave
  3454 | D:4      | Noticed a slave
  3462 | D:4      | Noticed a slave
  3522 | D:4      | Killed a slave
  4540 | D:4      | Reached skill level 7 in Short Blades
  4540 | D:4      | Reached skill level 5 in Stealth
  4732 | D:5      | Entered Level 5 of the Dungeon
  4877 | D:4      | Reached XP level 7. HP: 38/41 MP: 8/8
  4989 | D:4      | Found a staircase to the Ecumenical Temple.
  4997 | D:4      | Acquired Lugonu's third power
  5096 | D:4      | Killed Pikel
  5096 | D:4      | Reached skill level 10 in Short Blades
  5096 | D:4      | Reached XP level 8. HP: 29/46 MP: 9/9
  5133 | D:4      | Found a shimmering altar of Xom.
  5199 | D:4      | Noticed Eustachio
  5377 | D:5      | You fall through a shaft for 3 floors!
  5982 | D:6      | Found an ancient bone altar of Kikubaaqudgha.
  6242 | D:6      | Reached XP level 9. HP: 38/51 MP: 10/10
  6350 | D:6      | Reached skill level 10 in Stealth
  7332 | D:7      | Reached skill level 11 in Short Blades
  7548 | D:7      | Acquired Lugonu's fourth power
  8110 | D:8      | Slain by an orc warrior

Vault maps used:
D:1:      dpeg_arrival_arbitrary_c, kennysheep_another_room
D:3:      bloody_makhleb
D:4:      minmay_temple_entry_enclosed_plants, xom_teletrap_fun, uniq_eustachio,
          uniq_pikel
D:5:      first_bread, basic_altar
D:6:      kiku_gazebo_pond_becter, minmay_joined_circles
D:7:      st_stairs_3, kennysheep_generic_room_6
D:8:      nicolae_overflow_crystal_walls, basic_altar, hangedman_ranch,
          grunt_ministairs_8, okawaru_metal_pillars_3
Abyss:1:  hangedman_abyss_overflow_altar

Action                   |  1- 3 |  4- 6 |  7- 9 || total
-------------------------+-------+-------+-------++-------
Melee: Short sword       |    30 |       |       ||    30
       Dagger            |   116 |   369 |   602 ||  1087
       Unarmed           |       |     2 |       ||     2
Invok: Depart the Abyss  |     1 |       |       ||     1
       Banish            |       |       |     1 ||     1
  Use: Scroll            |     1 |     6 |     6 ||    13
       Potion            |       |     2 |     2 ||     4
 Stab: Sleeping          |     2 |     7 |    12 ||    21
  Eat: Chunk             |    10 |     8 |    12 ||    30
